Map: Hecate LE

Players

MaxPax

  • Race: Protoss Protoss
  • League: Master
  • Spawn Location: 7:00

Serral - Winner!

  • Race: Zerg Zerg
  • Spawn Location: 1:00

VOD

Have the link to the VOD?

Description

Time

  • Played on: Oct. 18, 2023, 10:06 a.m.
  • Length: 14:23
Show
View Real Time Build Order
Export as new Build Order

MaxPax Protoss 

Build Orders: 1 Gate Expand, Oracle Opening, Zealot Archon, Archon Drop 

Get SALT Encoding   

  12  0:00  Probe  
  13  0:12  Probe  
  14  0:19  Pylon  
  14  0:24  Probe (Chrono Boost)  
  15  0:37  Gateway, Probe (Chrono Boost)  
  16  0:45  Probe (Chrono Boost)  
  16  0:46  Assimilator  
  17  0:51  Probe  
  18  1:03  Probe  
  19  1:16  Probe  
  20  1:22  Nexus  
  20  1:31  Cybernetics Core  
  20  1:34  Probe  
  21  1:40  Assimilator  
  21  1:46  Probe  
  22  1:48  Pylon  
  22  1:58  Probe (Chrono Boost)  
  23  2:07  Adept  
  25  2:10  Probe (Chrono Boost)  
  25  2:11  Stargate  
  26  2:17  Probe (Chrono Boost)  
  26  2:20  Warp Gate  
  27  2:24  Probe (Chrono Boost)  
  28  2:35  Probe (Chrono Boost)  
  28  2:36  Probe (Chrono Boost)  
  30  2:37  Adept  
  30  2:43  Probe x2 (Chrono Boost)  
  34  2:48  Probe (Chrono Boost)  
  34  2:51  Probe  
  40  2:59  Void Ray (Chrono Boost)  
  40  3:00  Probe  
  40  3:03  Probe  
  42  3:06  Pylon  
  42  3:12  Probe  
  43  3:15  Probe  
  44  3:21  Gateway  
  44  3:24  Probe  
  44  3:26  Oracle (Chrono Boost)  
  45  3:27  Probe  
  49  3:36  Probe  
  49  3:40  Nexus  
  50  3:43  Probe  
  50  3:46  Pylon  
  52  3:48  Probe  
  52  3:51  Assimilator  
  52  3:54  Assimilator  
  52  3:55  Probe  
  52  4:01  Probe  
  54  4:08  Twilight Council, Probe  
  55  4:10  Forge  
  55  4:15  Probe  
  56  4:21  Robotics Facility  
  56  4:25  Probe  
  56  4:28  Probe  
  56  4:29  Adept  
  60  4:32  Pylon  
  60  4:37  Probe  
  61  4:42  Gateway  
  61  4:44  Gateway  
  61  4:46  Gateway, Probe (Chrono Boost)  
  61  4:48  Charge  
  61  4:50  Protoss Ground Weapons Level 1 (Chrono Boost), Gateway  
  61  4:51  Probe (Chrono Boost)  
  63  4:54  Probe (Chrono Boost)  
  65  5:00  Probe (Chrono Boost)  
  65  5:02  Probe (Chrono Boost)  
  65  5:04  Probe (Chrono Boost)  
  65  5:05  Probe (Chrono Boost)  
  68  5:07  Probe (Chrono Boost)  
  68  5:09  Probe (Chrono Boost)  
  68  5:10  Templar Archives  
  68  5:14  Probe  
  70  5:15  Warp Prism (Chrono Boost)  
  70  5:17  Probe  
  70  5:20  Probe  
  75  5:24  Pylon  
  75  5:25  Stalker  
  75  5:26  Probe  
  78  5:32  Probe  
  75  5:35  Gateway  
  75  5:38  Zealot  
  75  5:39  Zealot, Gateway  
  79  5:43  Assimilator, Probe  
  79  5:45  Assimilator  
  79  5:48  Probe  
  81  5:57  High Templar x4, Probe  
  83  6:00  Gateway  
  83  6:02  Archon x2, Gateway  
  83  6:03  Pylon, Probe  
  91  6:06  Pylon  
  91  6:09  Observer  
  91  6:10  Probe  
  93  6:12  Pylon  
  93  6:16  Photon Cannon  
  93  6:17  Pylon  
  93  6:33  Zealot x8  
  109  6:41  Observer, Robotics Bay  
  109  6:43  Robotics Facility  
  106  6:54  High Templar x2, Zealot  
  106  6:55  Zealot x5  
  106  6:56  Zealot  
  106  6:59  Archon  
  106  7:00  Pylon  
  124  7:05  Pylon  
  124  7:06  Pylon  
  120  7:17  Pylon  
  118  7:23  Observer  
  118  7:28  Nexus, Colossus (Chrono Boost)  
  114  7:35  Colossus (Chrono Boost)  
  126  7:37  Probe  
  126  7:39  Extended Thermal Lance  
  126  7:40  Protoss Ground Weapons Level 2, Photon Cannon  
  126  7:54  High Templar x2, Zealot  
  126  7:55  Zealot x4, Probe  
  141  7:59  Archon  
  141  8:02  Probe  
  141  8:03  Pylon, Zealot x3  
  146  8:15  Colossus (Chrono Boost)  
  146  8:18  Pylon  
  146  8:19  Colossus (Chrono Boost)  
  144  8:26  Nexus  
  146  8:29  High Templar x2  
  146  8:33  Archon  
  144  8:35  Zealot x6  
  144  8:40  Probe x2  
  148  8:50  Probe  
  148  8:52  Probe  
  148  8:53  High Templar x2  
  148  8:55  Observer (Chrono Boost)  
  155  8:59  Zealot x6  
  161  9:07  Zealot x2  
  153  9:19  Zealot x6  
  129  9:33  High Templar x2  
  129  9:34  Zealot x2  
  137  9:38  Archon  
  137  9:45  Zealot x4  
  129  9:46  Probe x2  
  129  9:49  Probe  
  116  9:55  Probe  
  99  10:03  Zealot x2  
  99  10:05  Zealot x4  
  99  10:06  Zealot x2  
  107  10:08  Pylon  
  107  10:09  Zealot x5  
  107  10:10  Zealot  
  89  10:16  Probe  
  74  10:21  Probe x2  
  74  10:24  Colossus (Chrono Boost)  
  76  10:30  High Templar x2  
  76  10:31  High Templar x2, Zealot  
  76  10:34  Archon  
  76  10:35  Archon  
  86  10:37  High Templar x2  
  86  10:38  Zealot x2  
  88  10:44  Archon  
  88  10:46  Probe x4  
  90  10:55  Zealot x3  
  96  10:58  Pylon, Probe  
  82  11:04  High Templar x2  
  82  11:08  Probe x2  
  82  11:09  Archon  
  87  11:15  Zealot x3, Colossus (Chrono Boost)  
  93  11:20  Zealot  
  96  11:27  Zealot x2  
  96  11:32  Zealot  
  96  11:39  Probe x3  
  99  11:44  High Templar x2  
  101  11:48  Archon  
  101  11:53  Probe  
  102  11:54  Probe  
  102  11:59  Colossus (Chrono Boost)  
  109  12:08  Zealot x2  
  113  12:11  High Templar x2  
  113  12:12  Probe  
  113  12:13  Psionic Storm  
  113  12:14  Archon  
  118  12:18  Zealot x2  
  122  12:34  Zealot  
  124  12:42  Pylon  
  124  12:43  Pylon  
  124  12:51  Pylon  
  124  13:01  High Templar x4  
  132  13:06  Nexus  
  132  13:08  Pylon  
  132  13:09  Zealot x6  
  132  13:11  Warp Prism (Chrono Boost)  
  144  13:18  Probe  
  147  13:30  High Templar x2  
  151  13:34  Archon, Cybernetics Core  
  151  13:35  High Templar x2  
  151  13:38  Zealot  
  157  13:42  Pylon  
  157  13:43  Pylon  
  130  14:01  Zealot x6  
  108  14:15  Zealot x4  
  90  14:22  Zealot  
Show
View Real Time Build Order
Export as new Build Order

Serral Zerg - Winner!

Build Orders: Hatch First 

Get SALT Encoding   

  12  0:00  Drone  
  13  0:07  Drone  
  14  0:33  Hatchery  
  13  0:36  Drone  
  13  0:41  Extractor, Drone  
  15  0:48  Overlord  
  15  1:03  Spawning Pool  
  14  1:06  Drone  
  14  1:10  Drone  
  16  1:14  Drone  
  17  1:19  Drone  
  18  1:28  Extractor  
  18  1:29  Drone  
  18  1:40  Drone  
  18  1:45  Drone  
  20  1:49  Queen x2  
  20  1:51  Drone  
  25  1:55  Zergling x2  
  26  2:01  Overlord  
  26  2:06  Drone  
  27  2:13  Drone  
  28  2:20  Drone  
  29  2:23  Drone  
  29  2:28  Hatchery  
  29  2:33  Drone  
  29  2:35  Overlord  
  30  2:41  Queen  
  31  2:45  Drone  
  31  2:48  Drone  
  31  2:51  Metabolic Boost  
  33  2:55  Zergling x2  
  33  2:57  Drone  
  35  2:58  Drone  
  35  3:02  Overlord  
  36  3:08  Queen  
  36  3:10  Drone  
  40  3:12  Drone  
  40  3:14  Drone  
  40  3:16  Drone  
  42  3:21  Queen  
  42  3:23  Drone  
  42  3:26  Drone  
  46  3:29  Drone  
  46  3:30  Drone  
  46  3:33  Overlord  
  48  3:37  Zergling x2  
  49  3:42  Overlord  
  49  3:44  Queen  
  51  3:48  Overlord  
  51  3:53  Drone x4  
  55  3:56  Spore Crawler  
  55  3:58  Spore Crawler  
  55  4:02  Zergling x4  
  55  4:03  Drone  
  55  4:04  Drone  
  55  4:07  Overlord  
  55  4:09  Drone  
  58  4:11  Overlord  
  58  4:14  Drone  
  58  4:17  Overlord  
  58  4:20  Drone x2  
  58  4:22  Drone x2  
  58  4:23  Drone  
  61  4:33  Roach Warren  
  61  4:34  Zergling x2  
  61  4:35  Drone x2  
  61  4:37  Zergling x2  
  64  4:41  Drone  
  64  4:42  Drone x3  
  68  4:45  Lair  
  68  4:47  Drone x2  
  70  4:53  Zergling x2, Extractor  
  70  4:56  Evolution Chamber, Drone x2  
  70  4:59  Drone x3  
  74  5:06  Zergling x2  
  75  5:09  Drone x2  
  75  5:11  Spore Crawler, Drone x2  
  75  5:12  Hatchery  
  77  5:15  Drone x4  
  77  5:18  Drone  
  82  5:21  Extractor  
  82  5:22  Extractor  
  82  5:24  Zerg Missile Weapons Level 1  
  82  5:25  Extractor, Drone  
  79  5:34  Drone x8  
  86  5:39  Overlord  
  86  5:40  Extractor  
  85  5:44  Overlord  
  85  5:45  Hydralisk Den, Overseer  
  85  5:48  Zergling x8  
  88  5:50  Pneumatized Carapace  
  88  5:52  Grooved Spines  
  88  5:53  Zergling x2  
  89  5:59  Zergling x10  
  89  6:04  Overlord  
  94  6:12  Overlord  
  94  6:14  Hydralisk x5  
  104  6:22  Hydralisk x3  
  109  6:30  Hydralisk  
  109  6:31  Zergling x6, Hydralisk  
  118  6:36  Queen  
  118  6:38  Hydralisk x2  
  118  6:39  Zergling x4  
  125  6:51  Overlord x4  
  124  6:59  Muscular Augments  
  121  7:03  Overlord  
  121  7:04  Overlord  
  121  7:10  Drone  
  121  7:11  Hydralisk x8  
  137  7:19  Zerg Missile Weapons Level 2  
  137  7:22  Hydralisk x2  
  136  7:23  Zergling x6  
  136  7:25  Drone  
  143  7:36  Hydralisk x5  
  153  7:42  Overseer  
  150  7:47  Hatchery  
  150  7:49  Hydralisk  
  150  7:50  Hydralisk x2  
  155  7:58  Hydralisk x3  
  159  8:07  Drone  
  154  8:13  Hydralisk x5  
  160  8:23  Hydralisk x3  
  160  8:26  Overlord x2  
  160  8:27  Overlord x3  
  160  8:36  Infestation Pit, Hydralisk x2  
  160  8:37  Zergling x12  
  157  8:46  Hatchery  
  156  8:49  Overlord  
  156  8:56  Zergling x8  
  155  9:05  Zergling x2, Hydralisk x2  
  155  9:06  Zergling x10  
  165  9:15  Zergling x8  
  155  9:19  Hydralisk  
  155  9:20  Zergling x2  
  155  9:23  Hydralisk  
  128  9:31  Hydralisk x6  
  128  9:32  Zergling x2  
  134  9:44  Hydralisk x4  
  140  9:53  Hydralisk x4  
  146  10:03  Hydralisk x4  
  142  10:09  Hydralisk x2  
  125  10:16  Hydralisk x3  
  112  10:22  Hydralisk x2  
  112  10:26  Hydralisk  
  106  10:28  Hydralisk  
  106  10:37  Hydralisk x3  
  106  10:41  Hydralisk  
  114  10:45  Hydralisk x2  
  114  10:47  Hydralisk  
  120  10:51  Hydralisk  
  122  10:59  Hydralisk  
  122  11:06  Drone x5  
  122  11:08  Zergling x12  
  133  11:13  Hive  
  133  11:22  Hydralisk x3  
  135  11:25  Hydralisk  
  135  11:27  Zergling x6  
  135  11:29  Hydralisk  
  138  11:34  Hydralisk x2  
  138  11:37  Hydralisk  
  138  11:45  Drone x3  
  140  11:47  Drone  
  141  11:57  Glial Reconstitution  
  141  11:59  Hatchery  
  140  12:06  Roach  
  140  12:07  Roach x4  
  150  12:17  Overlord  
  150  12:22  Roach x6  
  162  12:29  Viper x2  
  168  12:35  Hatchery  
  168  12:38  Overlord  
  168  12:42  Roach x4  
  176  12:49  Overlord  
  176  12:51  Viper  
  176  12:54  Roach x3  
  179  13:02  Roach  
  179  13:03  Overseer  
  181  13:08  Roach x3  
  181  13:09  Roach  
  193  13:20  Roach x3  
  195  13:33  Roach x2  
  194  13:50  Roach  
  194  13:51  Roach x2  
Tags
 
Add a new tag
Caveats
  • Supply blocks, unpowered buildings, or Contaminate may cause inaccurate times.
  • Supply counts are checked every 10 seconds.